 Dungeon Crawl Stone Soup version 0.18-a0-1273-g8ec5f8e (webtiles) character file.

88 dvd the Skirmisher (level 4, 0/41 HPs)
             Began as a Minotaur Berserker on Feb 7, 2016.
             Was a Believer of Trog.
             Slain by a worm (7 damage)
             ... on level 4 of the Dungeon.
             The game lasted 00:03:51 (1845 turns).

dvd the Skirmisher (Minotaur Berserker)             Turns: 1845, Time: 00:03:51

Health: 0/41       AC:  6    Str: 21    XL:     4   Next: 29%
Magic:  3/3        EV: 11    Int:  4    God:    Trog [**....]
Gold:   90         SH:  3    Dex: 11    Spells: 0 memorised, 3 levels left

rFire  . . .     SeeInvis .     a - +0 hand axe
rCold  . . .     Gourm    .     l - +0 ring mail
rNeg   . . .     Faith    .     g - +0 buckler
rPois  .         Spirit   .     (helmet restricted)
rElec  .         Dismiss  .     (no cloak)
rCorr  .         Reflect  .     (no gloves)
SustAt .         Harm     .     (no boots)
MR     .....                    (no amulet)
Stlth  +.........               (no ring)
                                p - +1 ring of protection

@: not resistant to hostile enchantments, very unstealthy
A: retaliatory headbutt, horns 2
a: Berserk, Trog's Hand, Burn Spellbooks, Renounce Religion


You were on level 4 of the Dungeon.
You worshipped Trog.
Trog was pleased with you.
You were not hungry.

You visited 1 branch of the dungeon, and saw 3 of its levels.

You collected 90 gold pieces.

Inventory:

Hand Weapons
 a - a +0 hand axe (weapon)
 m - a +0 flail
Armour
 b - a +0 animal skin
 g - a +0 buckler (worn)
 l - a +0 ring mail (worn)
Jewellery
 p - a +1 ring of protection (left hand)
Scrolls
 d - 3 scrolls of identify {unknown}
 e - a scroll of magic mapping {unknown}
 i - 2 scrolls of random uselessness {unknown}
 n - a scroll of enchant weapon {unknown}
 o - a scroll of teleportation {unknown}
Potions
 h - a potion of brilliance {unknown}
 k - a potion of cancellation {unknown}
 q - a potion of magic {unknown}
Comestibles
 c - a bread ration
 f - a beef jerky
 j - a royal jelly


   Skills:
 + Level 4.6 Fighting
 + Level 4.3 Axes
 + Level 3.1 Armour
 + Level 3.2 Dodging


You had 3 spell levels left.
You didn't know any spells.

Dungeon Overview and Level Annotations

Branches:
Dungeon (2/15)

Altars:
Dithmenos

Annotations:
D:4 namelastname112's ghost, amateur DrHu


Innate Abilities, Weirdness & Mutations

You reflexively headbutt those who attack you in melee.
You have a pair of horns on your head.


Message History

The hound bites you but does no damage. The hound barely misses you.
The giant newt barely misses you.
The hound stops to sniff the ground.
The hound bites you but does no damage. The hound barely misses you.
The quokka bites you but does no damage.
You open the door.
A worm comes into view.
You block the hound's attack. The quokka closely misses you.
You furiously retaliate!
You headbutt the quokka.
The giant newt bites you but does no damage.
The hound barely misses you.
The quokka bites you but does no damage.
There is an open door here.
The hound barely misses you.
You open the door.
A quokka comes into view.
The hound bites you but does no damage.
The quokka moves out of view.
The worm bites you!
You die...

##.. ## #... #.
#...################.
#....#............##.
#...#............#..
##...#............'..
+....#W...........#..
#....hrO..........#..
#..w@#............#..
####'#l...........#..
.....###########..
......# .... .......#
#.... ........# #....
.........# #....
..........#


You could see an ogre, a worm, a hound, namelastname112's ghost and a quokka.

Vanquished Creatures
  A hound (D:4)
  2 adders (D:2)
  An ooze (D:1)
  2 worms
  A giant gecko (D:2)
  An orc (D:4)
  A ball python (D:2)
  3 giant cockroaches
  5 goblins (D:1)
  3 hobgoblins (D:1)
  3 kobolds
  A bat (D:2)
  2 giant newts
  7 rats
33 creatures vanquished.

Vanquished Creatures (others)
  A hobgoblin (D:2)
1 creature vanquished.

Grand Total: 34 creatures vanquished

Notes
Turn   | Place    | Note
--------------------------------------------------------------
     0 | D:1      | dvd the Minotaur Berserker began the quest for the Orb.
     0 | D:1      | Reached XP level 1. HP: 19/19 MP: 0/0
   539 | D:1      | Reached XP level 2. HP: 24/27 MP: 1/1
   634 | D:1      | Reached skill level 4 in Fighting
  1049 | D:2      | Reached ** piety under Trog
  1049 | D:2      | Reached XP level 3. HP: 23/33 MP: 2/2
  1691 | D:2      | You fall through a shaft for 2 floors!
  1715 | D:4      | Found a shadowy altar of Dithmenos.
  1746 | D:4      | Reached XP level 4. HP: 31/41 MP: 3/3
  1782 | D:4      | Noticed namelastname112's ghost (amateur DrHu)
  1830 | D:4      | Noticed an ogre
  1845 | D:4      | Slain by a worm

Vault maps used:
D:1:      noname_arrival_rooms_in_the_neighbourhood
D:2:      first_bread, nicolae_qazlal_eye_of_the_storm
D:4:      kennysheep_vampire_church, nicolae_overflow_crystal_walls,
          grunt_temple_overflow_gold_and_silver, minmay_temple_entry_mist

Action                   |  1- 3 |  4- 6 || total
-------------------------+-------+-------++-------
Melee: Hand axe          |    92 |     8 ||   100
Invok: Berserk           |     2 |       ||     2
  Eat: Chunk             |     5 |       ||     5
